 Dungeon Crawl Stone Soup version 0.29.1-14-g9c671dbff4 (webtiles) character file.

Game seed: 2985862304038819399

116 adizb the Trooper (level 4, -11/38 HPs)
             Began as a Demonspawn Monk on Feb 18, 2023.
             Mangled by Crazy Yiuf
             ... wielding a +2 quarterstaff of chaos
              (12 damage)
             ... on level 2 of the Dungeon.
             The game lasted 00:08:46 (1690 turns).

adizb the Trooper (Demonspawn Monk)                 Turns: 1690, Time: 00:08:47

Health: -11/38     AC: 16    Str: 17    XL:     4   Next: 70%
Magic:  4/4        EV: 16    Int: 10    God:
Gold:   77         SH:  0    Dex: 15    Spells: 3/3 levels left

rFire   . . .      SeeInvis .   a - +0 mace (protect)
rCold   . . .      Faith    .   (no shield)
rNeg    . . .      Spirit   .   g - +1 chain mail
rPois   .          Reflect  .   (no helmet)
rElec   .          Harm     .   (no cloak)
rCorr   .          Rampage  .   (no gloves)
Will    .....                   (no boots)
Stlth   ..........              (no amulet)
HPRegen 0.12/turn               d - +4 ring of evasion
MPRegen 0.09/turn               (no ring)

@: agile, under a protective aura, hasted, unable to read, very quick
A: claws 1, powered by pain 1, strong 1, inability to read after injury 1
a: no special abilities


You were on level 2 of the Dungeon.
You visited 1 branch of the dungeon, and saw 2 of its levels.

You collected 77 gold pieces.

Inventory:

Hand Weapons
 a - a +0 mace of protection (weapon)
Armour
 b - a +0 robe
 e - a +0 pair of gloves
 g - a +1 chain mail (worn)
Jewellery
 d - a +4 ring of evasion (left claw)
Wands
 p - a wand of paralysis (11)
Scrolls
 c - a scroll of noise {unknown}
 i - a scroll of vulnerability {unknown}
Potions
 f - a potion of haste {unknown}
 h - a potion of attraction {unknown}
 j - a potion of mutation
 n - a potion of degeneration {unknown}
 o - a potion of curing


   Skills:
 * Level 4.8 Fighting
 - Level 3.2 Maces & Flails
 - Level 2.6 Dodging
 - Level 1.7 Stealth
 + Level 1.1 Unarmed Combat


You had 3 spell levels left.
You didn't know any spells.
Your spell library contained the following spells:

 Spells                   Type           Power      Damage    Failure   Level
 Magic Dart               Conj           0%         1d3       100%        1
 Call Imp                 Summ           0%         N/A       100%        2
 Mephitic Cloud           Conj/Pois/Air  0%         N/A       100%        3


Dungeon Overview and Level Annotations

Branches:
Dungeon (2/15)

Altars:

Annotations:
D:2 Crazy Yiuf


Innate Abilities, Weirdness & Mutations

You have sharp fingernails.
You sometimes gain a little power by taking damage.
Your muscles are strong. (Str +4, Int/Dex -1)
You occasionally lose the ability to read scrolls when taking damage.


Message History

You feel less in control of your magic.
You regain control of your magic.
You occasionally lose the ability to read scrolls when taking damage.
You feel stronger.
You feel sick. Crazy Yiuf closely misses you.
You hit Crazy Yiuf.
Crazy Yiuf is moderately wounded.
You feel sick.
Crazy Yiuf hits you with a +2 quarterstaff of chaos.
You feel threatened and lose the ability to read scrolls!
* * * LOW HITPOINT WARNING * * *
You convulse.
* * * LOW HITPOINT WARNING * * *
It was a potion of curing.
You feel better. Crazy Yiuf hits you but does no damage.
You hit Crazy Yiuf but do no damage.
Crazy Yiuf is moderately wounded.
Crazy Yiuf hits you with a +2 quarterstaff of chaos.
* * * LOW HITPOINT WARNING * * *
You hit Crazy Yiuf.
Crazy Yiuf is heavily wounded.
You hit Crazy Yiuf but do no damage.
Crazy Yiuf is heavily wounded.
Crazy Yiuf hits you but does no damage.
You hit Crazy Yiuf but do no damage.
Crazy Yiuf is heavily wounded.
Crazy Yiuf whimpers, "Cards tortoise snail!"
Crazy Yiuf closely misses you.
You hit Crazy Yiuf but do no damage.
Crazy Yiuf is heavily wounded.
Crazy Yiuf closely misses you.
You barely miss Crazy Yiuf.
Crazy Yiuf is heavily wounded.
You can read scrolls again.
Crazy Yiuf hits you with a +2 quarterstaff of chaos!
You feel threatened and lose the ability to read scrolls!
* * * LOW HITPOINT WARNING * * *
You focus on the pain.
You feel more agile all of a sudden.
You are electrocuted!
You die...

.### ##...###.###.....#
## ##'## #.........## #
#.# #########..##
######## ### ##..#
.......# ##.# ######.#
♣♣♣♣♣###.# # #.# ###
♣♣♣.♣...##.# # #.###
#...#♣..♣..P....# #...#
#...g@♣♣♣♣.P....# #####
#)..#♣♣ ♣♣..#.## ###
♣♣#### #########
........#####
####..#.....# #######
####..#.##..# #.....#
#.....#.....####.....##


You could see Crazy Yiuf.

Vanquished Creatures
  Jessica (D:2)
  Robin (D:2)
  2 adders (D:2)
  A worm (D:2)
  A dart slug (D:1)
  6 bats
  3 endoplasms (D:1)
  3 giant cockroaches
  9 goblins (D:2)
  4 hobgoblins
  3 jackals (D:2)
  2 kobolds
  9 ball pythons
  3 frilled lizards
  5 rats
53 creatures vanquished.

Notes
Turn   | Place    | Note
-------+----------+-------------------------------------------
     0 | D:1      | adizb the Demonspawn Monk began the quest for the Orb.
     0 | D:1      | Reached XP level 1. HP: 18/18 MP: 1/1
   137 | D:1      | Gained mutation: You sometimes gain a little power by
                  | taking damage. [demonic ancestry]
   137 | D:1      | Reached XP level 2. HP: 19/24 MP: 2/2
   656 | D:2      | Found a faded altar of an unknown god.
   747 | D:2      | Noticed Jessica
   754 | D:2      | Killed Jessica
   755 | D:2      | Reached skill level 4 in Fighting
   755 | D:2      | Discovered your monstrous ancestry.
   755 | D:2      | Gained mutation: You have sharp fingernails. [demonic
                  | ancestry]
   755 | D:2      | Reached XP level 3. HP: 14/30 MP: 3/3
  1025 | D:2      | Reached XP level 4. HP: 38/38 MP: 4/4
  1047 | D:2      | Noticed Robin
  1092 | D:2      | Killed Robin
  1095 | D:2      | HP: 1/38 [hobgoblin[Robin] (1)]
  1236 | D:2      | Found a runed translucent door.
  1237 | D:2      | Noticed Crazy Yiuf
  1363 | D:2      | Reached skill level 1 in Unarmed Combat
  1682 | D:2      | Gained mutation: Your spells are a little harder to cast,
                  | but a little more powerful. [potion of mutation]
  1682 | D:2      | Lost mutation: Your spells are a little harder to cast, but
                  | a little more powerful. [potion of mutation]
  1682 | D:2      | Gained mutation: You occasionally lose the ability to read
                  | scrolls when taking damage. [potion of mutation]
  1682 | D:2      | Gained mutation: Your muscles are strong. (Str +4, Int/Dex
                  | -1) [potion of mutation]
  1683 | D:2      | HP: 1/38 [Crazy Yiuf/+2 quarterstaff of chaos (2)]
  1690 | D:2      | HP: 1/38 [Crazy Yiuf/+2 quarterstaff of chaos (9)]
  1690 | D:2      | Mangled by Crazy Yiuf

Illustrated notes

Levels and vault maps discovered:
D:1:      lightli_arrival_lavapool, layout_basic, minmay_hedge_maze
D:2:      layout_loops_corners, ebering_ecumenical_altar_mist, uniq_jessica,
          uniq_crazy_yiuf_cottage, uniq_robin

Skill      XL: |  1  2  3  4 |
---------------+-------------+-----
Maces & Flails | 3 |  3.2
Fighting       | 4 |  4.8
Unarmed Combat | 1 |  1.1
Dodging        | |  2.6
Stealth        | |  1.7

Action                   |  1- 3 |  4- 6 || total
-------------------------+-------+-------++-------
Melee: Mace              |    88 |    48 ||   136
       Unarmed           |    19 |    90 ||   109
       Punch             |       |     1 ||     1
  Use: Scroll            |     1 |     5 ||     6
       Potion            |       |     3 ||     3
Armor: Robe              |     7 |       ||     7
       Chain mail        |    69 |    70 ||   139
Dodge: Dodged            |    58 |    70 ||   128
